 Dungeon Crawl Stone Soup version 0.28.0-43-g3370ac3207 (webtiles) character file.

Game seed: 606364284420525788

1785 Kaptain the Digger (level 9, -2/54 HPs)
             Began as a Gargoyle Earth Elementalist on Mar 18, 2022.
             Slain by Harold
             ... wielding a +0 war axe
              (8 damage)
             ... on level 7 of the Dungeon.
             The game lasted 00:14:54 (7169 turns).

Kaptain the Digger (Gargoyle Earth Elementalist)    Turns: 7169, Time: 00:14:54

Health: -2/54      AC: 18    Str: 12    XL:     9   Next: 8%
Magic:  8/16       EV: 11    Int: 20    God:
Gold:   115        SH:  0    Dex: 10    Spells: 14/18 levels left

rFire   . . .      SeeInvis .   j - +1 rapier
rCold   . . .      Faith    .   (no shield)
rNeg    + . .      Spirit   .   y - +0 acid dragon scales
rPois   ∞          Reflect  .   k - +2 helmet
rElec   +          Harm     .   t - +0 cloak
rCorr   +          Rampage  .   i - +0 pair of gloves
Will    .....                   (no boots)
Stlth   +.........              (no amulet)
HPRegen 0.18/turn               s - ring of flight
MPRegen 0.15/turn               (no ring)

@: confused, ambrosia-drunk, marked, flying
A: sickness immunity, AC +6, negative energy resistance 1, electricity
resistance, torment resistance 1, petrification resistance
a: no special abilities


You were on level 7 of the Dungeon.
You visited 2 branches of the dungeon, and saw 8 of its levels.
You also visited: Sewer.

You collected 262 gold pieces.
You spent 147 gold pieces at shops.

Inventory:

Hand Weapons
 j - a +1 rapier (weapon)
 x - a +0 hunting sling
Missiles
 h - 22 poisoned darts
 r - 77 stones
 w - 10 sling bullets
Armour
 i - a +0 pair of gloves (worn)
 k - a +2 helmet (worn)
 t - a +0 cloak (worn)
 y - +0 acid dragon scales (worn)
Jewellery
 s - a ring of flight (left hand)
Wands
 c - a wand of flame (6)
Scrolls
 a - 2 scrolls of immolation {unknown}
 b - 3 scrolls of identify
 l - a scroll of enchant armour
 u - a scroll of enchant weapon
 v - a scroll of holy word
Potions
 d - 2 potions of attraction {unknown}
 e - a potion of might
 g - 2 potions of berserk rage {unknown}
 m - a potion of degeneration {unknown}
 n - 2 potions of flight {unknown}
 o - a potion of mutation {unknown}
 p - 2 potions of heal wounds {unknown}
 q - 2 potions of haste {unknown}


   Skills:
 * Level 5.3 Fighting
 + Level 3.5 Armour
 + Level 3.3 Dodging
 - Level 2.1 Stealth
 * Level 5.1 Spellcasting
 * Level 5.3 Conjurations
 - Level 0.7 Transmutations
 * Level 7.1 Earth Magic


You had 14 spell levels left.
You knew the following spells:

 Your Spells              Type           Power      Damage    Failure   Level
a - Sandblast             Erth           66%        2d15      1%          1
b - Stone Arrow           Conj/Erth      60%        3d10      3%          3

Your spell library contained the following spells:

 Spells                   Type           Power      Damage    Failure   Level
 Passwall                 Tmut/Erth      16%        N/A       4%          2
 Static Discharge         Conj/Air       15%        N/A       9%          2
 Beastly Appendage        Tmut           16%        N/A       12%         1
 Wereblood                Tmut           8%         N/A       19%         2
 Petrify                  Tmut/Erth      20%        N/A       32%         4
 Spider Form              Tmut/Pois      6%         N/A       41%         3
 Borgnjor's Vile Clutch   Necr/Erth      9%         N/A       71%         5
 Lightning Bolt           Conj/Air       7%         1d20      83%         5
 Airstrike                Air            2%         N/A       86%         4
 Summon Lightning Spire   Summ/Air       5%         N/A       86%         4
 Alistair's Intoxication  Tmut/Pois      4%         N/A       99%         5
 Eringya's Noxious Bog    Tmut/Pois      3%         N/A       100%        6
 Maxwell's Capacitive Co  Air            2%         ∞         100%        8


Dungeon Overview and Level Annotations

Branches:
Dungeon (7/15)             Temple (1/1) D:6           Sewer (visited)

Altars:
Ashenzari
Fedhas
Gozag
Kikubaaqudgha
Makhleb
Nemelex Xobeh
Okawaru
Qazlal
Trog
Uskayaw
Vehumet
Wu Jian
Xom
Yredelemnul
Zin
The Shining One

Shops:
D:1 [   D:4 *   D:5 (:[?(

Annotations:
D:7 Harold


Innate Abilities, Weirdness & Mutations

You are immune to sickness and miasma.
Your stone body is resilient. (AC +6)
You are immune to poison.
You resist negative energy. (rN+)
You are resistant to electric shocks. (rElec)
You are resistant to unholy torment.
You are immune to petrification.


Message History

Press: ? - help, Shift-Dir - straight line, f/p - Harold
Aim: Harold, wielding a +0 war axe, wearing a +0 scale mail and quivering 3 throwing nets (moderately wounded, 84% to hit)
The stone arrow hits Harold!
Harold is moderately wounded.
Harold hits you but does no damage.
Casting: Stone Arrow (dangerous; 3% risk of failure)
Confirm with . or Enter, or press ? or * to list all spells.
Aiming: Stone Arrow (dangerous; 3% risk of failure)
Press: ? - help, Shift-Dir - straight line, f/p - Harold
Aim: Harold, wielding a +0 war axe, wearing a +0 scale mail and quivering 3 throwing nets (moderately wounded, 84% to hit)
The stone arrow hits Harold!
Harold is heavily wounded.
Harold asks, "Do you mind if I name my boat the 'Kaptain'?
Your head will be paying for it, after all."
Harold hits you with a +0 war axe.
Casting: Stone Arrow (dangerous; 3% risk of failure)
Confirm with . or Enter, or press ? or * to list all spells.
Aiming: Stone Arrow (dangerous; 3% risk of failure)
Press: ? - help, Shift-Dir - straight line, f/p - Harold
Aim: Harold, wielding a +0 war axe, wearing a +0 scale mail and quivering 3 throwing nets (heavily wounded, 84% to hit)
The stone arrow hits Harold!!
Harold is severely wounded.
Harold points at you and mumbles some strange words.
A sentinel's mark forms upon you.
Your magical contamination has completely faded away.
You tear a large gash into the net.
Harold hits you but does no damage.
Unknown command.
You struggle against the net.
Harold hits you with a +0 war axe.
You rip the net and break free!
Harold gestures at you while chanting. The mark upon you grows brighter.
You hit Harold.
Harold is severely wounded.
Harold hits you with a +0 war axe! Harold hits you with a +0 war axe!!
* * * LOW HITPOINT WARNING * * *
Unknown command.
You feel better. Harold hits you with a +0 war axe!
* * * LOW HITPOINT WARNING * * *
You are confused.
You feel invigorated. Harold hits you with a +0 war axe!
You die...

#...# ..$.
##... ....
#..# #.####..#
#.@.....# #@#
####@# #....#
###....##
##.......#
.........#
##.......#
###.....####
#.....)..# .
###...##......


You could see Harold.

Vanquished Creatures
  Eustachio (D:5)
  Menkaure (D:5)
  A water moccasin (D:4)
  An acid dragon (D:6)
  A black bear (D:4)
  A kobold brigand (D:7)
  2 phantoms
  2 bullfrogs (D:6)
  3 scorpions
  A wyvern zombie (D:6)
  A wyvern skeleton (D:6)
  A bullfrog zombie (D:6)
  A hound (D:6)
  3 jellies
  2 orc priests
  A bullfrog skeleton (D:5)
  An iguana (D:6)
  An orc wizard (D:6)
  A scorpion zombie (D:5)
  2 killer bee zombies
  2 howler monkey skeletons
  9 adders
  3 river rats
  3 worms
  2 dart slugs
  10 orcs
  6 ball pythons
  6 endoplasms
  3 giant cockroaches
  5 goblins
  6 hobgoblins
  5 jackals
  A quokka (D:3)
  10 bats
  9 frilled lizards
  9 kobolds
  A quokka skeleton (D:4)
  7 rats
125 creatures vanquished.

Notes
Turn   | Place    | Note
-------+----------+-------------------------------------------
     0 | D:1      | Kaptain the Gargoyle Earth Elementalist began the quest for
                  | the Orb.
     0 | D:1      | Reached XP level 1. HP: 10/10 MP: 3/3
   181 | D:1      | Found Sanik's Armour Shoppe.
   227 | D:1      | Found a faded altar of an unknown god.
   235 | D:1      | Reached XP level 2. HP: 16/16 MP: 1/5
   481 | D:1      | Reached skill level 1 in Fighting
   692 | D:1      | Reached skill level 1 in Conjurations
   873 | D:2      | Reached XP level 3. HP: 12/20 MP: 2/6
   877 | D:2      | Learned a level 3 spell: Stone Arrow
  1064 | D:2      | Reached skill level 4 in Earth Magic
  1654 | D:3      | Reached XP level 4. HP: 24/25 MP: 2/7
  1736 | D:3      | Reached skill level 1 in Armour
  1749 | D:3      | Found a glowing drain.
  1753 | Sewer    | Entered a sewer
  1998 | Sewer    | Reached XP level 5. HP: 29/30 MP: 1/9
  2650 | D:3      | You fall into a shaft and drop 2 floors!
  2650 | D:5      | Entered Level 5 of the Dungeon
  2690 | D:4      | Noticed a phantom
  2701 | D:4      | Killed a phantom
  2702 | D:4      | Reached XP level 6. HP: 22/36 MP: 0/10
  3302 | D:4      | Noticed a black bear
  3305 | D:4      | Killed a black bear
  3306 | D:4      | Reached skill level 5 in Earth Magic
  3582 | D:4      | Found Ezxut's Assorted Antiques.
  3651 | D:5      | Reached XP level 7. HP: 41/41 MP: 9/12
  3662 | D:5      | Found Peumunuata's Antique Armour Emporium.
  3672 | D:5      | Bought a brightly glowing leather armour for 147 gold
                  | pieces
  3672 | D:5      | Identified the +0 leather armour of Weirdness {Harm +Blink
                  | rN++ Dex-3} (You bought it in a shop on level 5 of the
                  | Dungeon)
  3685 | D:5      | Found a faded altar of an unknown god.
  3699 | D:5      | Noticed Eustachio
  4037 | D:5      | Killed Eustachio
  4118 | D:5      | Found Xoebreqi's Book Shoppe.
  4127 | D:5      | Found Ehewiu's Weapon Shoppe.
  4216 | D:5      | Noticed Menkaure
  4219 | D:5      | Killed Menkaure
  4321 | D:5      | Found Bousakh's Magic Scroll Boutique.
  4335 | D:5      | Reached XP level 8. HP: 48/48 MP: 1/14
  4525 | D:5      | Reached skill level 6 in Earth Magic
  4906 | D:5      | Found Lydasal's Antique Weapon Shoppe.
  5804 | D:6      | Found a staircase to the Ecumenical Temple.
  5815 | Temple   | Entered the Ecumenical Temple
  6606 | D:6      | Reached skill level 5 in Fighting
  6606 | D:6      | Reached skill level 5 in Conjurations
  6766 | D:6      | Reached XP level 9. HP: 54/54 MP: 12/16
  6846 | D:7      | Reached skill level 5 in Spellcasting
  6851 | D:7      | Reached skill level 7 in Earth Magic
  7153 | D:7      | Noticed Harold
  7168 | D:7      | HP: 2/54 [Harold/+0 war axe (8)]
  7169 | D:7      | Slain by Harold

Illustrated notes

Levels and vault maps discovered:
D:1:      dpeg_arrival_arbitrary_c, layout_basic,
          shapermc_ecumenical_altar_venn, serial_shops,
          nicolae_shop_behind_doors, corexii_item_surrounded_by_moat,
          st_stairs_1, kennysheep_crisscross,
          nicolae_concentric_dashed_squares_wild, chequers_serial_rivers_room_b
D:2:      layout_basic
D:3:      wad_lake_hut, layout_basic, gup_sewer_entry_spiral,
          kennysheep_generic_room_16
D:4:      nicolae_cairo_tiling, layout_basic, serial_shops,
          nicolae_shop_behind_doors
D:5:      layout_cave_pools, serial_shops, nicolae_shop_stone, shop,
          kennysheep_little_box, nicolae_lakefront_shop,
          nicolae_shop_advertising_works [nicolae_subvault_shop_adworks],
          serial_column_ruins, column_ruins_temple_circle,
          column_ruins_courtyard_long, column_ruins_columns_water,
          column_ruins_open_tiny, column_ruins_open_small,
          column_ruins_corridor_corner, roderic_batcave, corexii_shack,
          chequers_hall_statues_y, uniq_eustachio, uniq_menkaure
D:6:      layout_basic, minmay_temple_entry_proselytizer, hex_large
D:7:      layout_loops_corners, uniq_maggie, uniq_harold,
          uniq_crazy_yiuf_cottage
Temple:   mainiacjoe_temple_trianglar_array

Skill      XL: |  1  2  3  4  5  6  7  8  9 |
---------------+----------------------------+-----
Fighting       | 1 2 3 4 5 |  5.3
Conjurations   | 1 2 3 4 5 |  5.3
Earth Magic    | 4 5 6 7 |  7.1
Armour         | 1 2 3 |  3.5
Dodging        | 2 3 |  3.3
Spellcasting   | 3 4 5 |  5.1
Stealth        | |  2.1
Transmutations | |  0.7

Action                   |  1- 3 |  4- 6 |  7- 9 || total
-------------------------+-------+-------+-------++-------
Melee: Whip              |    13 |       |       ||    13
       Dagger            |    24 |       |       ||    24
       Rapier            |    24 |    65 |    47 ||   136
       Punch             |       |       |     1 ||     1
 Cast: Sandblast         |    30 |    64 |    53 ||   147
       Stone Arrow       |     1 |     8 |    53 ||    62
  Use: Scroll            |     2 |     6 |     1 ||     9
       Potion            |       |     1 |     2 ||     3
 Stab: Sleeping          |     3 |       |       ||     3
Armor: Leather armour    |    22 |    45 |    75 ||   142
       Acid dragon scale |       |       |    21 ||    21
Dodge: Dodged            |    42 |    66 |    93 ||   201
